 Dungeon Crawl Stone Soup version 0.21.1-1-g345015f (webtiles) character file.

140 Falco the Digger (level 5, 14/42 HPs)
             Began as a Deep Dwarf Earth Elementalist on Apr 25, 2018.
             Quit the game on level 4 of the Dungeon on May 2, 2018.
             The game lasted 00:24:16 (2616 turns).

Falco the Digger (Deep Dwarf Earth Elementalist)    Turns: 2616, Time: 00:24:16

Health: 14/42      AC:  3    Str: 11    XL:     5   Next: 2%
Magic:  9/9        EV: 13    Int: 17    God:
Gold:   228        SH:  0    Dex: 13    Spells: 3/9 levels left

rFire    . . .     SeeInvis +   u - +0 dagger (venom)
rCold    . . .     Gourm    .   (no shield)
rNeg     . . .     Faith    .   c - +0 robe
rPois    .         Spirit   .   (no helmet)
rElec    .         Reflect  .   (no cloak)
rCorr    .         Harm     .   s - +0 pair of gloves
MR       .....                  (no boots)
Stlth    ++........             (no amulet)
HPRegen  0.00/turn              g - ring of see invisible
MPRegen  0.11/turn              (no ring)

@: non-regenerating
A: damage resistance, heal wounds, sense surroundings 1, no regeneration
a: Heal Wounds


You were on level 4 of the Dungeon.
You were not hungry.

You visited 1 branch of the dungeon, and saw 4 of its levels.

You collected 228 gold pieces.

Inventory:

Hand Weapons
 j - a +0 whip
 r - a +3 dagger
 u - a +0 dagger of venom (weapon)
Missiles
 m - 15 poisoned needles
 v - 42 stones (quivered)
Armour
 c - a +0 robe (worn)
 f - a +0 leather armour
 i - a +0 robe
 o - a +0 robe
 s - a +0 pair of gloves (worn)
 x - a cursed +0 robe
Jewellery
 g - a ring of see invisible (left hand)
Scrolls
 a - a scroll of teleportation
Potions
 h - 2 potions of mutation
 p - a potion of invisibility
 q - 2 potions of agility
Books
 e - a book of Geomancy

   Spells                             Type                      Level
   a - Sandblast                      Earth                        1
   b - Passwall                       Transmutation/Earth          2
   c - Stone Arrow                    Conjuration/Earth            3
   d - Petrify                        Transmutation/Earth          4
   e - Lee's Rapid Deconstruction     Earth                        5
Comestibles
 d - 3 rations


   Skills:
 + Level 0.1 Fighting
 + Level 0.1 Short Blades
 + Level 2.4 Dodging
 + Level 2.9 Stealth
 + Level 0.4 Unarmed Combat
 + Level 2.7 Spellcasting
 + Level 0.7 Conjurations
 + Level 0.8 Transmutations
 + Level 6.0 Earth Magic


You had 3 spell levels left.
You knew the following spells:

 Your Spells              Type           Power        Failure   Level  Hunger
a - Sandblast             Erth           ###...       1%          1    #......
b - Passwall              Tmut/Erth      ##........   7%          2    ##.....
c - Stone Arrow           Conj/Erth      ##....       14%         3    ###....


Dungeon Overview and Level Annotations

Branches:
Dungeon (4/15)
 Temple: D:4-7

Altars:
Fedhas
Qazlal

Annotations:
D:3 alyosha's ghost, amateur DrFi


Innate Abilities, Weirdness & Mutations

You are resistant to damage.
You can heal yourself by infusing magical energy.
You passively map a small area around you.
You do not regenerate.


Message History

You now have 217 gold pieces (gained 6).
Your extra speed is starting to run out.
You now have 228 gold pieces (gained 11).
You feel yourself slow down.
There is a stone staircase leading up here.
Magic restored.
Found a blossoming altar of Fedhas.
Found a stormy altar of Qazlal.
A jackal comes into view.
The jackal barks!
You hear a bark!
Save game and exit?
Welcome back, Falco the Deep Dwarf Earth Elementalist.
Press ? for a list of commands and other information.
Save game and exit?
Welcome back, Falco the Deep Dwarf Earth Elementalist.
Press ? for a list of commands and other information.
Save game and exit?
Welcome back, Falco the Deep Dwarf Earth Elementalist.
Press ? for a list of commands and other information.
Are you sure you want to abandon this character and quit the game? (Confirm with "yes".)

##........# #. ,
##........# ######. ,
........#..######......
,
..##.##.##.........#####
* . #.##.##.#########
..##.......# ,
*#P........## PPP.##.#.#
P_P. #@#.# ,,PP...#.#
..h...###.# ...... #.#
...§§ , ..# ≈≈§≈≈ * ## ,
.._§ ..§ , * *


You could see a jackal.

Vanquished Creatures
  An orc wizard (D:3)
  A worker ant (D:4)
  2 adders
  3 oozes (D:1)
  A worm (D:2)
  2 dart slugs
  A leopard gecko (D:1)
  2 orcs (D:3)
  A ball python (D:1)
  5 bats
  3 giant cockroaches
  6 goblins
  8 hobgoblins
  4 kobolds
  3 frilled lizards
  4 rats
47 creatures vanquished.

Notes
Turn   | Place    | Note
-------+----------+-------------------------------------------
     0 | D:1      | Falco the Deep Dwarf Earth Elementalist began the quest for the Orb.
     0 | D:1      | Reached XP level 1. HP: 15/15 MP: 3/3
   272 | D:1      | Reached XP level 2. HP: 19/22 MP: 0/4
   568 | D:1      | Learned a level 2 spell: Passwall
   733 | D:1      | Reached skill level 5 in Earth Magic
   756 | D:1      | Reached XP level 3. HP: 16/28 MP: 3/6
   761 | D:1      | Learned a level 3 spell: Stone Arrow
  1543 | D:2      | Reached XP level 4. HP: 34/36 MP: 0/7
  2227 | D:3      | Noticed alyosha's ghost (amateur DrFi)
  2500 | D:4      | Reached skill level 6 in Earth Magic
  2500 | D:4      | Reached XP level 5. HP: 15/42 MP: 0/9
  2612 | D:4      | Found a blossoming altar of Fedhas.
  2614 | D:4      | Found a stormy altar of Qazlal.
  2616 | D:4      | Quit the game

Skill      XL: |  1  2  3  4 |
---------------+-------------+-----
Spellcasting   | 2 |  2.7
Earth Magic    | 5 6 |  6.0
Fighting       | |  0.1
Short Blades   | |  0.1
Dodging        | |  2.4
Stealth        | |  2.9
Unarmed Combat | |  0.4
Conjurations   | |  0.7
Transmutations | |  0.8

Action                   |  1- 3 |  4- 6 || total
-------------------------+-------+-------++-------
Melee: Unarmed           |    17 |       ||    17
       Dagger            |     6 |    17 ||    23
       Whip              |     1 |       ||     1
 Cast: Sandblast         |    30 |     6 ||    36
       Stone Arrow       |    12 |     7 ||    19
  Use: Potion            |     2 |     3 ||     5
       Scroll            |       |    10 ||    10
 Stab: Sleeping          |       |     1 ||     1
  Eat: Ration            |     1 |     1 ||     2
       Chunk             |     1 |       ||     1
Armor: Robe              |     4 |     5 ||     9
Dodge: Dodged            |    14 |    17 ||    31
